 Dungeon Crawl Stone Soup version 0.31-a0-1555-g5715333c33 (webtiles) character file.

Game seed: 10918002569875093668

597 Descartes the Digger (level 7, -1/46 HPs)
             Began as a Formicid Earth Elementalist on Jan 3, 2024.
             Incinerated by a bombardier beetle (5 damage)
             ... with a burning spray
             ... on level 4 of the Dungeon.
             The game lasted 00:07:01 (3316 turns).

Descartes the Digger (Formicid Earth Elementalist)  Turns: 3316, Time: 00:07:01

Health: -1/46      AC: 11    Str: 14    XL:     7   Next: 68%
Magic:  13/13      EV:  5    Int: 15    God:
Gold:   148        SH:  4    Dex: 10    Spells: 13/14 levels left

rFire   . . .        i - +6 dagger of Uskayaw's Esteem {heavy, rElec rC+ Dex-4 SInv}
rCold   + . .        l - +0 buckler
rNeg    . . .        h - +0 shadow dragon scales
rPois   .            (helmet unavailable)
rElec   +            (no cloak)
rCorr   .            (no gloves)
SInv    +            (no boots)
Will    .....        (no amulet)
Stlth   ++           (no ring)
HPRegen 0.27/turn    (no ring)
MPRegen 0.13/turn

%: no passive effects
@: on fire, attractive, glowing
A: permanent stasis, dig shafts and tunnels, antennae 3, four strong arms
a: Dig, Shaft Self


You were on level 4 of the Dungeon.
You visited 1 branch of the dungeon, and saw 4 of its levels.

You collected 148 gold pieces.

Inventory:

Hand Weapons
 e - a +1 short sword
 i - the +6 dagger of Uskayaw's Esteem (weapon) {heavy, rElec rC+ Dex-4 SInv}
   (You took it off a kobold on level 2 of the Dungeon)

   Dex-4:     It affects your dexterity (-4).
   rC+:       It protects you from cold.
   rElec:     It insulates you from electricity.
   SInv:      It lets you see invisible.
Missiles
 f - 5 curare-tipped darts
 n - 8 poisoned darts
Armour
 a - a +0 robe
 d - a +0 ring mail
 g - +0 pearl dragon scales
 h - +0 shadow dragon scales (worn)
 l - a +0 buckler (worn)
Jewellery
 j - the ring of Xuoweets {rCorr Dex+6}
   (You found it on level 2 of the Dungeon)

   [ring of dexterity]

   Dex+6:     It affects your dexterity (+6).
   rCorr:     It protects you from acid and corrosion.
 t - the ring "Ishuhase" {^Contam rF+ Will+ Str+3}
   (You found it on level 3 of the Dungeon)

   [ring of willpower]

   Str+3:     It affects your strength (+3).
   rF+:       It protects you from fire.
   Will+:     It increases your willpower.
   ^Contam:   It causes magical contamination when unequipped.
Scrolls
 k - 2 scrolls of teleportation {unknown}
 o - a scroll of poison {unknown}
 p - 2 scrolls of immolation {unknown}
 q - a scroll of torment {unknown}
 s - a scroll of identify {unknown}
Potions
 b - 2 potions of magic
 c - a potion of attraction
 m - 2 potions of cancellation {unknown}
 r - a potion of ambrosia {unknown}
 u - a potion of lignification {unknown}


   Skills:
 + Level 2.8 Short Blades
 - Level 1.7 Dodging
 + Level 5.0 Stealth
 + Level 3.5 Shields
 + Level 4.3 Spellcasting
 - Level 0.8 Conjurations
 + Level 5.8 Earth Magic


You had 13 spell levels left.
You knew the following spells:

 Your Spells              Type           Power      Damage    Failure   Level
a - Sandblast             Erth           40%        2d10      54%         1

Your spell library contained the following spells:

 Spells                   Type           Power      Damage    Failure   Level
 Passwall                 Erth           20%        N/A       89%         3
 Stone Arrow              Conj/Erth      26%        3d8       99%         3
 Brom's Barrelling Bould  Conj/Erth      13%        2d4       100%        4
 Petrify                  Alch/Erth      12%        N/A       100%        4


Dungeon Overview and Level Annotations

Branches:
Dungeon (4/15)
 Temple: D:4-7

Altars:
Cheibriados
Makhleb

Shops:
D:3 ?


Innate Abilities, Weirdness & Mutations

You cannot be hasted, slowed, berserked, paralysed or teleported.
You can dig through walls and to a lower floor.
You have a pair of large antennae on your head. (SInv)
Your four strong arms can wield two-handed weapons with a shield.


Message History

The bombardier beetle is almost dead.
The liquid fire burns you!
You are too injured to fight recklessly!
You are too injured to fight recklessly!
You are too injured to fight recklessly!
You are too injured to fight recklessly!
You are too injured to fight recklessly!
You are too injured to fight recklessly!
You are too injured to fight recklessly!
You are too injured to fight recklessly!
You are too injured to fight recklessly!
You are too injured to fight recklessly!
You are too injured to fight recklessly!
You are too injured to fight recklessly!
You are too injured to fight recklessly!
You are too injured to fight recklessly!
You are too injured to fight recklessly!
You are too injured to fight recklessly!
Unknown command.
You barely miss the bombardier beetle.
The bombardier beetle is almost dead.
The liquid fire burns you!
The bombardier beetle sprays incendiary fluid at you.
The burning spray misses you.
You hit the bombardier beetle.
You kill the bombardier beetle!
The liquid fire burns you!
* * * LOW HITPOINT WARNING * * *
You are on fire!
Unknown command.
The liquid fire burns you!
* * * LOW HITPOINT WARNING * * *
The liquid fire burns you!
* * * LOW HITPOINT WARNING * * *
The liquid fire burns you!
* * * LOW HITPOINT WARNING * * *
It was a potion of attraction.
You feel attractive to monsters. The liquid fire burns you!
You die...

#.......#
#.#.#.#.#
#.......##
#.#.#.#..#
#........###
#.#.#.#....#
#.....†....#
#..@....#
####....#
#....#
#....#
#....#
####...#
#...####
##.....#
#.....#


There were no monsters in sight!

Vanquished Creatures
  2 scorpions (D:4)
  A bombardier beetle (D:4)
  4 hounds
  Jessica (D:2)
  An iguana (D:4)
  Natasha (thrice) (D:2)
  An orc wizard (D:4)
  Robin (D:2)
  7 adders
  A dart slug (D:3)
  2 ribbon worms
  6 orcs
  9 endoplasms
  2 giant cockroaches (D:1)
  7 goblins
  8 hobgoblins
  3 quokkas
  8 ball pythons
  9 bats
  5 frilled lizards
  8 kobolds
  5 rats
94 creatures vanquished.

Notes
Turn   | Place    | Note
-------+----------+-------------------------------------------
     0 | D:1      | Descartes the Formicid Earth Elementalist began the quest
                  | for the Orb.
     0 | D:1      | Reached XP level 1. HP: 13/13 MP: 3/3
   175 | D:1      | Reached XP level 2. HP: 19/19 MP: 3/5
   801 | D:1      | Reached XP level 3. HP: 24/24 MP: 0/7
  1252 | D:2      | Identified the +6 dagger of Uskayaw's Esteem {heavy, rElec
                  | rC+ Dex-4 SInv}
  1253 | D:2      | Noticed Natasha
  1266 | D:2      | Killed Natasha
  1267 | D:2      | Reached XP level 4. HP: 19/30 MP: 8/8
  1345 | D:2      | Identified the ring of Xuoweets {rCorr Dex+6}
  1656 | D:2      | Noticed Natasha
  1660 | D:2      | Reached skill level 1 in Shields
  1660 | D:2      | Reached XP level 5. HP: 35/35 MP: 10/10
  1665 | D:2      | Killed Natasha
  1708 | D:2      | Noticed Robin
  1715 | D:2      | Reached skill level 1 in Short Blades
  1720 | D:2      | Killed Robin
  1843 | D:2      | Reached skill level 5 in Earth Magic
  2105 | D:2      | Noticed Jessica
  2116 | D:2      | Killed Jessica
  2117 | D:2      | Reached XP level 6. HP: 40/41 MP: 11/11
  2121 | D:2      | Noticed Natasha
  2131 | D:2      | Killed Natasha
  2210 | D:3      | Found a burning altar of Makhleb.
  2364 | D:3      | Found Maeske's Magic Scroll Boutique.
  2609 | D:3      | Identified the ring "Ishuhase" {^Contam rF+ Will+ Str+3}
  3029 | D:4      | Reached XP level 7. HP: 19/46 MP: 11/13
  3219 | D:4      | Found a snail-covered altar of Cheibriados.
  3306 | D:4      | Reached skill level 5 in Stealth
  3316 | D:4      | Incinerated by a bombardier beetle

Illustrated notes

Levels and vault maps discovered:
D:1:      minmay_arrival_floating_metal, layout_basic
D:2:      layout_basic, feat_on_display, uniq_natasha, uniq_jessica, uniq_robin
D:3:      layout_basic, lemuel_doored_altar, serial_shops, shop, nicolae_titane
D:4:      layout_gridville, cheibriados_altar_1, serial_glass, glass_columns_b,
          glass_columns_a

Skill      XL: |  1  2  3  4  5  6  7 |
---------------+----------------------+-----
Earth Magic    | 4 5 |  5.8
Spellcasting   | 3 4 |  4.3
Stealth        | 3 4 5 |  5.0
Shields        | 1 2 3 |  3.5
Short Blades   | 1 2 |  2.8
Dodging        | |  1.7
Conjurations   | |  0.8

Action                     |  1- 3 |  4- 6 |  7- 9 || total
---------------------------+-------+-------+-------++-------
  Melee: Unarmed           |     4 |       |       ||     4
         Short sword       |    50 |     7 |       ||    57
         Punch             |     1 |       |       ||     1
         Dagger            |       |   139 |    29 ||   168
   Cast: Sandblast         |    25 |     1 |       ||    26
    Use: Scroll            |     2 |       |       ||     2
         Potion            |       |       |     1 ||     1
   Stab: Sleeping          |     2 |    12 |     5 ||    19
 Armour: Ring mail         |    16 |       |       ||    16
         Shadow dragon sca |    26 |   148 |    17 ||   191
  Dodge: Dodged            |    27 |    52 |     8 ||    87
  Block: Buckler           |       |    25 |       ||    25

Table legend: (Time is in decaauts)
 A = Elapsed time spent in this place.
 B = Non-inter-level travel time spent in this place.
 C = Inter-level travel time spent in this place.
 D = Time resting spent in this place.
 E = Time spent auto-exploring this place.
 F = Levels seen in this place.
 G = Mean time per level.
                   A        B        C        D        E       F      G
               +--------+--------+--------+--------+--------+-----+--------+
         Total |   3423 |   3314 |    109 |      0 |   2576 |   4 |  855.8 |
       Dungeon |   3423 |   3314 |    109 |      0 |   2576 |   4 |  855.8 |
               +--------+--------+--------+--------+--------+-----+--------+

Top non-repeatable levels by time:
     D:1: 1190 daAuts
     D:2: 1072 daAuts
     D:3: 670 daAuts
     D:4: 489 daAuts
